 Dungeon Crawl Stone Soup version 0.21-a0-513-gdcb3f5e (webtiles) character file.

494 Gerstahl the Skirmisher (level 6, -3/51 HPs)
             Began as a Demonspawn Gladiator on Dec 1, 2017.
             Slain by Duvessa
             ... wielding a +0 short sword
              (6 damage)
             ... on level 5 of the Dungeon.
             The game lasted 00:07:27 (4354 turns).

Gerstahl the Skirmisher (Demonspawn Gladiator)      Turns: 4354, Time: 00:07:27

Health: -3/51      AC:  3    Str: 14    XL:     6   Next: 92%
Magic:  15/15      EV: 13    Int:  9    God:
Gold:   191        SH:  0    Dex: 17    Spells: 5/5 levels left

rFire    . . .     SeeInvis .   a - +0 rapier
rCold    . . .     Gourm    .   (no shield)
rNeg     . . .     Faith    .   b - +0 leather armour
rPois    .         Spirit   .   (helmet restricted)
rElec    .         Reflect  .   (no cloak)
rCorr    .         Harm     .   (no gloves)
MR       .....                  (no boots)
Stlth    +.........             (no amulet)
HPRegen  0.17/turn              m - ring of magical power
MPRegen  0.14/turn              w - ring of flight

@: no status effects
A: antennae 2, spiny 1, sturdy frame 1
a: Evoke Flight


You were on level 5 of the Dungeon.
You were not hungry.

You visited 1 branch of the dungeon, and saw 5 of its levels.

You collected 191 gold pieces.

Inventory:

Hand Weapons
 a - a +0 rapier (weapon)
Missiles
 d - 3 throwing nets (quivered)
Armour
 b - a +0 leather armour (worn)
 c - a +0 helmet
Jewellery
 m - a ring of magical power (left hand)
 w - a ring of flight (right hand)
 C - an uncursed ring of fire {unknown}
Wands
 r - a wand of polymorph (5)
 x - a wand of flame (20)
Scrolls
 i - a scroll of fear {unknown}
 j - 4 scrolls of remove curse {unknown}
 n - a scroll of random uselessness {unknown}
 o - 4 scrolls of identify {unknown}
 p - 2 scrolls of amnesia {unknown}
 q - 2 scrolls of enchant armour {unknown}
 s - 3 scrolls of enchant weapon {unknown}
 u - 2 scrolls of teleportation {unknown}
 v - 2 scrolls of magic mapping {unknown}
Potions
 e - a potion of heal wounds {unknown}
 h - 2 potions of lignification {unknown}
 k - a potion of ambrosia {unknown}
 l - a potion of degeneration {unknown}
 t - a potion of agility
Books
 y - a book of Minor Magic

   Spells                             Type                      Level
   a - Magic Dart                     Conjuration                  1
   b - Blink                          Translocation                2
   c - Call Imp                       Summoning                    2
   d - Slow                           Hexes                        2
   e - Conjure Flame                  Conjuration/Fire             3
   f - Mephitic Cloud                 Conjuration/Poison/Air       3
Comestibles
 f - 3 bread rations
 g - 3 meat rations
 A - 4 fruits
 B - a royal jelly


   Skills:
 + Level 5.4 Fighting
 + Level 5.4 Short Blades
 - Level 1.7 Throwing
 - Level 2.6 Dodging


You had 5 spell levels left.
You didn't know any spells.

Dungeon Overview and Level Annotations

Branches:
Dungeon (5/15)
 Temple: D:4-7

Altars:
Fedhas
Kikubaaqudgha
Uskayaw
The Shining One

Shops:
D:5 %

Annotations:
D:5 Dowan, Duvessa


Innate Abilities, Weirdness & Mutations

You have a pair of antennae on your head.
You are partially covered in sharp spines.
Your movements are slightly less encumbered by armour. (ER -2)


Message History

Dowan points at you and mumbles some strange words.
The puff of flame hits you! Duvessa hits you with a short sword.
* * * LOW HITPOINT WARNING * * *
Dowan is struck by your spines. Dowan barely misses you.
Dowan says, "My weaknesses are her strengths!"
Dowan gestures wildly while chanting.
Dowan blinks!
Duvessa hits you with a short sword!
* * * LOW HITPOINT WARNING * * *
There is an open door, spattered with blood here.
Things that are here:
a flail x2; a short sword Duvessa shouts, "You can run, but you cannot escape us forever!"
Duvessa closely misses you.
There is an open door here.
Dowan casts a spell.
Dowan blinks!
Duvessa says, "My weaknesses are his strengths!"
Duvessa hits you with a short sword.
You die...

################
#..........##..#
#..........##..#
#..........##..# .
#..........##..# ##..
########....÷.....#...# .....
#.....##..........#..#####.....
+..[..+.........@...........>..
#.....##.......e..#>...........
......########'####...#.#####.
.........# #.# #.###....<#
......##'#####)###### #######
..#####....{......# ..#
#...........########## ...
#......§.............######
....
#....................##....


You could see Duvessa.

Vanquished Creatures
  A phantom (D:3)
  A crimson imp (D:5)
  A hound (D:4)
  A centaur skeleton (D:4)
  2 orc priests (D:4)
  2 orc wizards
  2 worker ants (D:4)
  Robin (D:4)
  5 adders
  An ooze (D:1)
  2 dart slugs
  2 leopard geckos
  10 orcs
  3 giant cockroaches
  17 goblins
  10 hobgoblins
  2 jackals (D:3)
  A ball python (D:3)
  9 bats
  3 frilled lizards
  A giant cockroach zombie (D:5)
  4 kobolds
  A leopard gecko zombie (D:5)
  12 rats
94 creatures vanquished.

Notes
Turn   | Place    | Note
-------+----------+-------------------------------------------
     0 | D:1      | Gerstahl the Demonspawn Gladiator began the quest for the Orb.
     0 | D:1      | Reached XP level 1. HP: 16/16 MP: 1/1
   160 | D:1      | Gained mutation: You are partially covered in sharp spines. [demonic ancestry]
   160 | D:1      | Reached XP level 2. HP: 17/23 MP: 2/2
   766 | D:2      | Gained mutation: You have a pair of small antennae on your head. [demonic ancestry]
   766 | D:2      | Reached XP level 3. HP: 28/28 MP: 3/3
  1110 | D:2      | Gained mutation: Your movements are slightly less encumbered by armour. (ER -2) [demonic ancestry]
  1110 | D:2      | Reached XP level 4. HP: 32/35 MP: 4/4
  1903 | D:3      | Noticed a phantom
  1925 | D:3      | Killed a phantom
  1925 | D:3      | Gained mutation: You have a pair of antennae on your head. [demonic ancestry]
  1925 | D:3      | Reached XP level 5. HP: 19/43 MP: 5/5
  2737 | D:4      | Reached XP level 6. HP: 42/49 MP: 6/6
  2979 | D:4      | Noticed Robin
  3011 | D:4      | Killed Robin
  3301 | D:4      | Found a blossoming altar of Fedhas.
  3405 | D:4      | Reached skill level 5 in Fighting
  3405 | D:4      | Reached skill level 5 in Short Blades
  3408 | D:4      | HP: 1/51 [orc priest/divine providence (12)]
  4068 | D:5      | Entered Level 5 of the Dungeon
  4183 | D:5      | Found an ancient bone altar of Kikubaaqudgha.
  4192 | D:5      | Found a hide-covered altar of Uskayaw.
  4197 | D:5      | Found a glowing golden altar of the Shining One.
  4249 | D:5      | Found Eleilosa's Food Boutique.
  4326 | D:5      | Noticed Duvessa
  4326 | D:5      | Noticed Dowan
  4354 | D:5      | Slain by Duvessa

Vault maps used:
D:1:      dpeg_arrival_three_same_balls, serial_bayou_ford_a
D:2:      serial_glass, glass_columns_b, glass_columns_b, glass_columns_c,
          glass_columns_b, first_bread, kennysheep_generic_room_16
D:4:      lemuel_coloured_pillars_altar, uniq_robin
D:5:      minmay_overflow_temple_star_quad, enter_ossuary_5, serial_shops, shop,
          uniq_duvessa

Skill      XL: |  1  2  3  4  5  6 |
---------------+-------------------+-----
Short Blades   | 3 4 5 |  5.4
Fighting       | 3 4 5 |  5.4
Throwing       | |  1.7
Dodging        | |  2.6

Action                   |  1- 3 |  4- 6 || total
-------------------------+-------+-------++-------
Melee: Rapier            |    80 |   170 ||   250
  Eat: Chunk             |       |     9 ||     9
       Royal jelly       |       |     1 ||     1
Armor: Leather armour    |    19 |    31 ||    50
Dodge: Dodged            |    56 |    91 ||   147

Table legend:
 A = Spawn XP
 B = Non-spawn XP
 C = Spawn XP percentage of total XP
 D = Spawn monster count
 E = Non-spawn monster count
 F = Spawn count percentage of total count
 G = Total turns spent on level
                    A         B        C        D         E        F      G
               +---------+---------+-------+---------+---------+-------+---------
         Total |       0 |     706 |   0.0 |       0 |      94 |   0.0 |  4354
               +---------+---------+-------+---------+---------+-------+---------
           D:1 |       0 |      40 |   0.0 |       0 |      22 |   0.0 |   760
           D:2 |       0 |      74 |   0.0 |       0 |      16 |   0.0 |   810
           D:3 |       0 |     205 |   0.0 |       0 |      26 |   0.0 |   887
           D:4 |       0 |     315 |   0.0 |       0 |      23 |   0.0 |  1611
           D:5 |       0 |      72 |   0.0 |       0 |       7 |   0.0 |   286
               +---------+---------+-------+---------+---------+-------+---------
